 Dungeon Crawl Stone Soup version 0.24.0-13-gcf9b3192b9 (webtiles) character file.

Game seed: 16314371034804122002, levelgen mode: classic

130 EnegeticOcto the Covered (level 4, 0/42 HPs)
             Began as a Deep Dwarf Fighter on Nov 8, 2019.
             Engulfed by Ijyb's freezing vapour (28 damage)
             ... on level 3 of the Dungeon.
             The game lasted 00:02:45 (492 turns).

EnegeticOcto the Covered (Deep Dwarf Fighter)        Turns: 492, Time: 00:02:46

Health: 0/42       AC: 10    Str: 22    XL:     4   Next: 90%
Magic:  2/2        EV:  6    Int:  9    God:
Gold:   73         SH:  9    Dex: 12    Spells: 3/3 levels left

rFire    . . .     SeeInvis .   a - +0 war axe
rCold    . . .     Gourm    .   c - +0 shield
rNeg     . . .     Faith    .   r - +0 chain mail
rPois    .         Spirit   .   (no helmet)
rElec    .         Reflect  .   (no cloak)
rCorr    .         Harm     .   f - +0 pair of gloves
MR       .....                  (no boots)
Stlth    ..........             (no amulet)
HPRegen  0.00/turn              g - +2 ring of strength
MPRegen  0.08/turn              (no ring)

@: lethally poisoned (0 -> 0), non-regenerating
A: damage resistance, heal wounds, sense surroundings 1, no regeneration
a: Heal Wounds


You were on level 3 of the Dungeon.
You were not hungry.

You visited 1 branch of the dungeon, and saw 4 of its levels.

You collected 73 gold pieces.

Inventory:

Hand Weapons
 a - a +0 war axe (weapon)
Armour
 b - a +0 scale mail
 c - a +0 shield (worn)
 f - a +0 pair of gloves (worn)
 r - a +0 chain mail (worn)
Jewellery
 g - a +2 ring of strength (left hand)
Scrolls
 h - a scroll of teleportation {unknown}
 i - a scroll of fear {unknown}
 j - 2 scrolls of identify {unknown}
 p - a scroll of blinking {unknown}
Potions
 d - a potion of might {@q3 !q}
 k - 2 potions of heal wounds {unknown}
 l - a potion of magic {unknown}
 n - a potion of flight {unknown}
 o - a potion of curing {unknown}
 q - a potion of lignification {unknown}
Comestibles
 e - 4 rations


   Skills:
 + Level 3.2 Fighting
 * Level 3.7 Axes
 + Level 3.9 Armour
 + Level 1.9 Dodging
 + Level 3.8 Shields


You had 3 spell levels left.
You didn't know any spells.
Your spell library was empty.

Dungeon Overview and Level Annotations

Branches:
Dungeon (4/15)
 Temple: D:4-7

Altars:
Okawaru

Annotations:
D:3 Ijyb


Innate Abilities, Weirdness & Mutations

You are resistant to damage.
You can heal yourself by infusing magical energy.
You passively map a small area around you.
You do not regenerate.


Message History

a +0 club; a +0 leather armour; an orc corpse
Items here: )) †† a +0 short sword; a +0 club; a worm corpse; an orc corpse
Found 9 gold pieces.
Found 19 gold pieces.
p - a scroll labeled QYDENNOUTIO
Found a ration.
You now have 73 gold pieces (gained 19).
A howler monkey skeleton comes into view.
You slash the howler monkey skeleton!
The howler monkey skeleton is heavily damaged.
The howler monkey skeleton hits you.
You hit the howler monkey skeleton.
The howler monkey skeleton is heavily damaged.
You block the howler monkey skeleton's attack.
You slash the howler monkey skeleton!
The howler monkey skeleton is almost destroyed.
The howler monkey skeleton closely misses you.
The howler monkey skeleton hits you.
You hit the howler monkey skeleton.
You destroy the howler monkey skeleton!
e - 4 rations (gained 1)
Found a sedimented amethyst potion.
Found 14 stones.
Found a stone staircase leading up.
Your magical essence is drained by the effort!
You feel much better.
Found a chain mail.
q - a sedimented amethyst potion You see here a chain mail.
r - a chain mail You start removing your armour.
You continue taking off your +0 scale mail. x4
You finish taking off your +0 scale mail.
You start putting on your armour.
You continue putting on your chain mail. x5
You finish putting on your +0 chain mail.
There is a stone staircase leading up here.
You climb upwards.
Ijyb shouts!
The frilled lizard hisses angrily.
You hear an angry hiss.
An adder comes into view.
Ijyb screams, "No!
No, no, no, no!"
Found a spear.
There is a stone staircase leading down here.
Press: ? - help, v - describe, . - travel
Here: Ijyb, wielding a +0 dagger, wearing a +0 ring mail and carrying a wand of clouds (6)
The floor.
The adder hisses angrily.
A quokka comes into view.
You block the frilled lizard's attack.
Ijyb zaps a wand.
Ijyb creates a blast of freezing vapour!
Found 2 fizzy pink potions and a scroll labeled RUXKURH PAYREI.
You hit Ijyb but do no damage. You miss the frilled lizard.
You are engulfed in freezing vapours.
Ouch! That really hurt!
You block the frilled lizard's attack.
Ijyb zaps a wand.
Ijyb creates a blast of freezing vapour!
The adder bites you but does no damage.
The frilled lizard bites you but does no damage.
A worm comes into view.
A kobold comes into view. It is wielding a +0 dagger.
The kobold shouts!
Ijyb barely misses you.
The frilled lizard bites you but does no damage.
Found a scroll labeled BASIQA GIACH.
You hit Ijyb.
Ijyb is lightly wounded.
You closely miss the frilled lizard.
Your shield and chain mail prevent you from hitting the adder.
You block the adder's attack.
The kobold throws a stone.
The stone hits you but does no damage. Ijyb hits you with a +0 dagger.
You block the adder's attack. You block the frilled lizard's attack.
The kobold throws a stone.
The stone hits you but does no damage. Ijyb barely misses you.
All of the chunks of flesh in your inventory have rotted away.
You closely miss Ijyb.
Ijyb is lightly wounded.
You hit the frilled lizard.
You kill the frilled lizard!
You slash the adder! You block the adder's attack. The adder bites you.
* * * LOW HITPOINT WARNING * * *
You are poisoned.
The adder poisons you! Ijyb hits you but does no damage.
Your magical essence is drained by the effort!
You feel much better. The adder bites you but does no damage.
Ijyb zaps a wand.
Ijyb creates a blast of noxious fumes!
Ijyb screams, "Level is mine!
All mine!"
You block Ijyb's attack.
You see here a frilled lizard corpse.
You hit Ijyb.
Ijyb is moderately wounded.
Ijyb hits you but does no damage.
You hit Ijyb but do no damage.
Ijyb is moderately wounded.
Ijyb barely misses you.
Ijyb zaps a wand.
Ijyb creates a blast of freezing vapour!
You barely miss Ijyb.
Ijyb is moderately wounded.
You are engulfed in freezing vapours.
Ouch! That really hurt!
You die...

).......# , ,
, .†.......
.##...##..., ,
########.
...#.#.... ,,
# # *
.......... , #
#.##* *
.K....... *
####### ...
§§§§.... * * *
......##
#.####§§....
.......##
#.§§##§§#.#...
* * .[......#
* #§☼@§S....!.
........#
#§§§g......?
........#
#§§§r........
, ,* ........#
#§.....w.....>
.....<..#
#............
...†...##
##...........
, ** #.....##
##...##)....
##.....###
##### .#.?.
,,, *
#####...# ,
...


You could see Ijyb, a worm, an adder, a quokka and a kobold.

Vanquished Creatures
  An orc priest (D:4)
  A worker ant (D:4)
  A howler monkey skeleton (D:4)
  2 adders (D:3)
  A worm (D:4)
  2 dart slugs
  A leopard gecko (D:4)
  10 orcs
  2 giant cockroaches
  2 goblins (D:3)
  3 hobgoblins
  A quokka (D:4)
  A bat (D:3)
  A frilled lizard (D:3)
  4 kobolds (D:1)
  A quokka skeleton (D:4)
34 creatures vanquished.

Notes
Turn   | Place    | Note
-------+----------+-------------------------------------------
     0 | D:1      | EnegeticOcto the Deep Dwarf Fighter began the quest for the
                  | Orb.
     0 | D:1      | Reached XP level 1. HP: 20/20 MP: 1/1
    93 | D:1      | Reached XP level 2. HP: 25/27 MP: 2/2
   206 | D:3      | Reached skill level 1 in Dodging
   215 | D:3      | Reached XP level 3. HP: 21/33 MP: 3/3
   273 | D:4      | Reached XP level 4. HP: 36/42 MP: 4/4
   355 | D:4      | Found an iron altar of Okawaru.
   481 | D:3      | Noticed Ijyb
   492 | D:3      | Engulfed by Ijyb's freezing vapour

Levels and vault maps discovered:
D:1:      minmay_arrival_cross, layout_loops_ring, st_stairs_3
D:2:      layout_basic, elyvilon_altar_4, dk_vineyard_3,
          corexii_leaking_fountain, grunt_decor_resistance,
          minmay_misc_feat_plants, uniq_terence, uniq_robin
D:3:      layout_rooms, zin_academy, uniq_ijyb, uniq_natasha,
          uniq_crazy_yiuf_cottage, uniq_sigmund
D:4:      layout_rooms, okawaru_trees_1, uniq_pikel

Skill      XL: |  1  2  3 |
---------------+----------+-----
Dodging        | 1 |  1.9
Axes           | 3 |  3.7
Fighting       | 3 |  3.2
Armour         | |  3.9
Shields        | |  3.8

Action                   |  1- 3 |  4- 6 || total
-------------------------+-------+-------++-------
Melee: War axe           |    60 |    43 ||   103
 Abil: Heal Wounds       |     1 |     4 ||     5
Armor: Scale mail        |    32 |    14 ||    46
       Chain mail        |       |     7 ||     7
Dodge: Dodged            |    24 |    14 ||    38
Block: Shield            |    38 |    22 ||    60
